 Dungeon Sprint DCSS version 0.27.1-3-gb3d3a73c9e (webtiles) character file.

Game seed: 10338893786772370146

35400000 raph the Axe Maniac (level 27, 162/228 HPs)
             Began as a Djinni Hedge Wizard on Oct 17, 2021.
             Was the Champion of Makhleb.
             Escaped with the Orb!
             The game lasted 00:08:00 (177 turns).

raph the Axe Maniac (Djinni Hedge Wizard)            Turns: 177, Time: 00:08:00

Health: 162/228    AC:  4    Str:  9    XL:     27
Gold:   0          EV: 36    Int: 19    God:    Makhleb [******] SH:  0 Dex: 23

rFire    + + .     SeeInvis +   i - +∞ Axe of Woe
rCold    x . .     Faith    .   (shield currently unavailable)
rNeg     . . .     Spirit   .   b - +0 robe
rPois    ∞         Reflect  .   c - +0 hat
rElec    .         Harm     .   (no cloak)
rCorr    .         Rampage  .   (no gloves)
Will     ++...     NoTele   +   (boots unavailable)
Stlth    ++++......             (no amulet)
HPRegen  0.48/turn              m - +200 ring of slaying
MPRegen  0.00/turn              q - ring of see invisible

@: flying, hasted, very quick
A: sickness immunity, fire resistance 2, cold vulnerability 1, float, innate
caster, hp casting, extra vitality 1
0: Orb of Zot
a: Renounce Religion, Minor Destruction, Lesser Servant of Makhleb, Major
Destruction, Greater Servant of Makhleb


You escaped.
You worshipped Makhleb.
Makhleb was exalted by your worship.
You visited 1 branch

Inventory:

Hand Weapons
 a - a +0 dagger
 i - the +∞ Axe of Woe (weapon)
   (You found it in the Dungeon)
Armour
 b - a +0 robe (worn)
 c - a +0 hat (worn)
Jewellery
 j - a +30 ring of slaying
 k - a +30 ring of slaying
 l - a +30 ring of slaying
 m - a +200 ring of slaying (left hand)
 n - a +200 ring of slaying
 o - a +30 ring of slaying
 p - a +30 ring of slaying
 q - a ring of see invisible (right hand)
Potions
 d - a potion of curing
 e - a potion of heal wounds
 g - a potion of berserk rage


   Skills:
 O Level 27 Fighting
 O Level 27 Short Blades
 O Level 27 Long Blades
 O Level 27 Axes
 O Level 27 Maces & Flails
 O Level 27 Polearms
 O Level 27 Staves
 O Level 27 Slings
 O Level 27 Bows
 O Level 27 Crossbows
 O Level 27 Throwing
 O Level 27 Armour
 O Level 27 Dodging
 O Level 27 Stealth
 O Level 27 Shields
 O Level 27 Unarmed Combat
 O Level 27 Spellcasting
 O Level 27 Invocations
 O Level 27 Evocations


You couldn't memorise any spells.
You knew the following spells:

 Your Spells              Type           Power      Damage    Failure   Level
a - Magic Dart            Conj           100%       1d8       0%          1
b - Blink                 Tloc           N/A        N/A       0%          2
c - Call Imp              Summ           91%        N/A       0%          2
d - Slow                  Hex            91%        N/A       0%          2
e - Conjure Flame         Conj/Fire      91%        6-21      0%          3
f - Mephitic Cloud        Conj/Pois/Air  91%        N/A       0%          3
g - Freeze                Ice            100%       1d11      0%          1
h - Static Discharge      Conj/Air       91%        N/A       0%          2
i - Portal Projectile     Hex/Tloc       100%       N/A       0%          3
j - Inner Flame           Hex/Fire       91%        N/A       0%          3
k - Iskenderun's Battles  Conj           91%        2d14      0%          5
l - Manifold Assault      Tloc           91%        N/A       0%          5
m - Starburst             Conj/Fire      45%        6d13      0%          6
n - Dispersal             Tloc           45%        N/A       0%          6
o - Storm Form            Tmut/Air       45%        N/A       0%          7
p - Lehudib's Crystal Sp  Conj/Erth      45%        10d11     1%          8
q - Summon Horrible Thin  Summ           45%        N/A       1%          8
r - Discord               Hex            45%        N/A       1%          8
s - Fire Storm            Conj/Fire      45%        8d12      1%          9
Your spell library was empty.

Dungeon Overview and Level Annotations

Branches:
Dungeon (1/1)

Altars:
Makhleb


Innate Abilities, Weirdness & Mutations

You are immune to sickness and miasma.
You are immune to poison.
Your flesh is very heat resistant. (rF++)
You are vulnerable to cold. (rC-)
You float through the air rather than walking.
You learn spells naturally, not from books.
Your magical power is your life essence.
You have superior vitality. (+4 HP)


Message History

You carve the fleshlord like a ham!!!!
You hew the fleshlord savagely.
You kill the fleshlord!
Makhleb accepts your kill.
You feel better.
You chop the observer into pieces!!!!
You pulverise the observer into a thin bloody mist.
You kill the observer!
Makhleb accepts your kill.
You carve the bag of meat like a ham!!! You chop the bag of meat into pieces.
You kill the bag of meat!
Makhleb accepts your kill.
You hear a shout! x3
A hydra, an orc, a hell knight, a phantom and a wraith come into view.
The bag of meat shouts!
The fleshlord shouts!
You hear a shout!
The eight-headed meat hydra roars!
You hear a shout! x2
You hear a deafening roar!
You hear a shout! x2
A sculptor of flesh comes into view. It is wielding a +9 great sword.
You hear a shout!
A destroyer comes into view. It is wielding a +9 vorpal great sword.
You hear an angry hiss.
You hear a shout! x5; You hear a roar!
You hear a shout! x2
A great orb of eyes, 2 orcs, a hell knight and a skeletal warrior come into view.
The bag of meat shouts!
The fleshlord shouts!
You hear a shout! x4
The observer gazes at you.
The fireball explodes!
The fireball engulfs you!! You resist.
You hear a shout!
The dread throws damnation at you.
The sphere of damnation explodes!
The damnation engulfs you!!!
A bag of meat comes into view. It is wielding a +9 war axe.
You hear a shout! x5
The bag of meat moves out of view. x2
The sculptor of flesh moves out of view.
The fleshlord moves out of view.
You hear a shout!
A meat beast comes into view.
The meat beast howls!
You hear a shout!
You hear a roar!
You hear an angry hiss.
A fleshlord comes into view. It is wielding a +9 great mace.
There is a staircase leading out of the dungeon, spattered with blood here.
You hear a shout!
You hear a howl!
You hear a shout! x8
You have escaped! pG z.z

#2. ...# #.. .zo# .
.###.o ...###..)
W.o.).###.).pWW))p
V†...._..p...).)2
). #.....#....)..
.)))#_)@._#...).).
...)#.....#...)).#
....§☼§_..)..†....
...)..)###).)......
§)###☼§§..).###...
○)..#..†))..#.))..
.)..#.)))§..#)))..
.).†)).)....))[.))
.).)...)..))).).)#.


You could see a meat beast (fast), an observer (fast, invisible), 3 fleshlords,
2 sculptors of flesh, a dread, 2 wretched souls and 3 bags of meat.

Vanquished Creatures
  Dispater (D)
  21 hell knights (D)
  13 hell beasts (D)
  Edmund (D)
  7 royal mummies (D)
  11 great orbs of eyes (D)
  15 wraiths (D)
  Harold (D)
  13 vampire knights (D)
  44 ogres (D)
  7 two-headed ogres (D)
  7 liches (D)
  11 hydras (D)
  78 orcs (D)
  12 phantoms (D)
  8 skeletal warriors (D)
  8 sea snakes (D)
258 creatures vanquished.

Notes
Turn   | Place    | Note
-------+----------+-------------------------------------------
     0 | D        | Found the +∞ Axe of Woe
     0 | D        | raph the Djinni Hedge Wizard began the quest for the Orb.
     0 | D        | Reached XP level 1. HP: 15/15 MP: 0/0
     1 | D        | Noticed a bag of meat
     3 | D        | Became a worshipper of Makhleb the Destroyer
     3 | D        | Noticed a bag of meat
     6 | D        | Noticed a bag of meat
     8 | D        | Noticed a bag of meat
     9 | D        | Killed a bag of meat
     9 | D        | Noticed a bag of meat
    10 | D        | Reached XP level 2. HP: 37/45 MP: 0/0
    10 | D        | Reached XP level 3. HP: 41/50 MP: 0/0
    10 | D        | Learned a level 1 spell: Freeze
    10 | D        | Reached XP level 4. HP: 47/57 MP: 0/0
    10 | D        | Reached XP level 5. HP: 51/62 MP: 0/0
    10 | D        | Learned a level 2 spell: Static Discharge
    10 | D        | Reached XP level 6. HP: 57/69 MP: 0/0
    10 | D        | Reached XP level 7. HP: 62/75 MP: 0/0
    10 | D        | Learned a level 3 spell: Portal Projectile
    10 | D        | Reached XP level 8. HP: 67/81 MP: 0/0
    10 | D        | Reached XP level 9. HP: 71/86 MP: 0/0
    10 | D        | Learned a level 3 spell: Inner Flame
    10 | D        | Reached XP level 10. HP: 77/93 MP: 0/0
    10 | D        | Reached XP level 11. HP: 81/98 MP: 0/0
    10 | D        | Learned a level 5 spell: Iskenderun's Battlesphere
    10 | D        | Reached XP level 12. HP: 87/105 MP: 0/0
    10 | D        | Killed a bag of meat
    10 | D        | Reached * piety under Makhleb
    10 | D        | Noticed a meat berserker
    10 | D        | Noticed a bag of meat
    11 | D        | Reached XP level 13. HP: 94/113 MP: 0/0
    11 | D        | Learned a level 5 spell: Manifold Assault
    11 | D        | Killed a bag of meat
    11 | D        | Killed a bag of meat
    11 | D        | Killed a bag of meat
    11 | D        | Reached ** piety under Makhleb
    11 | D        | Noticed a meat berserker
    12 | D        | Reached XP level 14. HP: 128/128 MP: 0/0
    12 | D        | Reached XP level 15. HP: 133/133 MP: 0/0
    12 | D        | Learned a level 6 spell: Starburst
    13 | D        | Reached XP level 16. HP: 142/142 MP: 0/0
    13 | D        | Killed a meat berserker
    13 | D        | Killed a meat berserker
    13 | D        | Reached *** piety under Makhleb
    14 | D        | Reached skill level 27 in Axes
    14 | D        | Reached XP level 17. HP: 157/157 MP: 0/0
    14 | D        | Learned a level 6 spell: Dispersal
    14 | D        | Reached XP level 18. HP: 165/165 MP: 0/0
    16 | D        | Reached **** piety under Makhleb
    17 | D        | Reached skill level 27 in Fighting
    17 | D        | Reached skill level 10 in Invocations
    17 | D        | Noticed a meat berserker
    17 | D        | Noticed a meat berserker
    17 | D        | Noticed a meat berserker
    18 | D        | Killed a meat berserker
    18 | D        | Killed a meat berserker
    18 | D        | Reached ***** piety under Makhleb
    18 | D        | Noticed a large bag of meat
    19 | D        | Reached XP level 19. HP: 174/174 MP: 0/0
    19 | D        | Learned a level 7 spell: Storm Form
    19 | D        | Reached XP level 20. HP: 181/181 MP: 0/0
    19 | D        | Killed a meat berserker
    19 | D        | Noticed a meat berserker
    20 | D        | Killed a large bag of meat
    20 | D        | Killed a meat berserker
    21 | D        | Reached skill level 27 in Dodging
    21 | D        | Reached skill level 27 in Spellcasting
    21 | D        | Reached skill level 27 in Invocations
    21 | D        | Reached XP level 21. HP: 187/187 MP: 0/0
    21 | D        | Learned a level 8 spell: Lehudib's Crystal Spear
    21 | D        | Noticed a meat berserker
    21 | D        | Noticed a meat berserker
    21 | D        | Noticed a large bag of meat
    22 | D        | Killed a meat berserker
    22 | D        | Killed a meat berserker
    22 | D        | Killed a large bag of meat
    22 | D        | Reached ****** piety under Makhleb
    22 | D        | Noticed a meat berserker
    23 | D        | Reached skill level 27 in Stealth
    23 | D        | Reached XP level 22. HP: 194/194 MP: 0/0
    23 | D        | Reached XP level 23. HP: 201/201 MP: 0/0
    23 | D        | Learned a level 8 spell: Summon Horrible Things
    24 | D        | Reached skill level 27 in Armour
    26 | D        | Reached skill level 27 in Evocations
    26 | D        | Reached XP level 24. HP: 208/208 MP: 0/0
    26 | D        | Noticed a large bag of meat
    26 | D        | Noticed a destroyer
    28 | D        | Reached skill level 10 in Maces & Flails
    28 | D        | Reached skill level 10 in Polearms
    28 | D        | Reached skill level 10 in Slings
    28 | D        | Reached skill level 10 in Bows
    28 | D        | Reached skill level 10 in Crossbows
    28 | D        | Reached skill level 10 in Throwing
    28 | D        | Reached XP level 25. HP: 214/214 MP: 0/0
    28 | D        | Learned a level 8 spell: Discord
    28 | D        | Killed a destroyer
    29 | D        | Reached skill level 15 in Short Blades
    29 | D        | Reached skill level 15 in Long Blades
    29 | D        | Reached skill level 15 in Staves
    29 | D        | Reached XP level 26. HP: 221/221 MP: 0/0
    29 | D        | Noticed a large bag of meat
    30 | D        | Killed a large bag of meat
    30 | D        | Noticed a destroyer
    31 | D        | Reached XP level 27. HP: 228/228 MP: 0/0
    31 | D        | Learned a level 9 spell: Fire Storm
    31 | D        | Killed a destroyer
    34 | D        | Noticed a destroyer
    35 | D        | Killed a destroyer
    35 | D        | Noticed The Servant
    36 | D        | Killed The Servant
    36 | D        | Noticed a large bag of meat
    37 | D        | Killed a large bag of meat
    38 | D        | Noticed a destroyer
    39 | D        | Killed a destroyer
    39 | D        | Killed a large bag of meat
    43 | D        | Reached skill level 27 in Shields
    43 | D        | Reached skill level 27 in Unarmed Combat
    46 | D        | Noticed an accursed
    48 | D        | Killed an accursed
    49 | D        | Reached skill level 27 in Short Blades
    49 | D        | Reached skill level 27 in Long Blades
    49 | D        | Reached skill level 27 in Staves
    51 | D        | Noticed a tyrant
    51 | D        | Killed a tyrant
    52 | D        | Noticed a tyrant
    52 | D        | Killed a tyrant
    53 | D        | Reached skill level 27 in Maces & Flails
    53 | D        | Reached skill level 27 in Polearms
    53 | D        | Reached skill level 27 in Slings
    53 | D        | Reached skill level 27 in Bows
    53 | D        | Reached skill level 27 in Crossbows
    53 | D        | Reached skill level 27 in Throwing
    53 | D        | Noticed a tyrant
    54 | D        | Killed a tyrant
    57 | D        | Noticed a meat beast
    58 | D        | Killed a meat beast
    60 | D        | Noticed a dread
    61 | D        | Killed a dread
    64 | D        | Noticed a dread
    64 | D        | Killed a dread
    67 | D        | Noticed a meat beast
    67 | D        | Noticed a dread
    67 | D        | Killed a dread
    67 | D        | Killed a meat beast
    88 | D        | Noticed a tyrant
    92 | D        | Noticed a tyrant
    92 | D        | Killed a tyrant
    94 | D        | Noticed a tyrant
    94 | D        | Killed a tyrant
    94 | D        | Killed a tyrant
    94 | D        | Noticed an accursed
    95 | D        | Killed an accursed
    98 | D        | Noticed an accursed
    98 | D        | Killed an accursed
    98 | D        | Noticed a destroyer
    99 | D        | Killed a destroyer
   102 | D        | Noticed a dread
   102 | D        | Noticed an accursed
   102 | D        | Noticed a dread
   103 | D        | Killed an accursed
   104 | D        | Killed a dread
   104 | D        | Killed a dread
   105 | D        | Noticed a meat beast
   106 | D        | Noticed a dread
   107 | D        | Noticed a dread
   107 | D        | Killed a dread
   107 | D        | Killed a dread
   107 | D        | Killed a meat beast
   111 | D        | Noticed The Defiler
   112 | D        | Killed The Defiler
   113 | D        | Noticed a fleshlord
   113 | D        | Killed a fleshlord
   113 | D        | Noticed a fleshlord
   113 | D        | Noticed a fleshlord
   114 | D        | Killed a fleshlord
   114 | D        | Killed a fleshlord
   114 | D        | Noticed a dread
   115 | D        | Noticed a fleshlord
   115 | D        | Killed a fleshlord
   115 | D        | Killed a dread
   116 | D        | Noticed a destroyer
   117 | D        | Killed a destroyer
   117 | D        | Noticed a meat beast
   119 | D        | Noticed a fleshlord
   119 | D        | Killed a fleshlord
   121 | D        | Noticed a fleshlord
   121 | D        | Killed a fleshlord
   121 | D        | Killed a meat beast
   121 | D        | Noticed a fleshlord
   122 | D        | Noticed a fleshlord
   122 | D        | Killed a fleshlord
   122 | D        | Killed a fleshlord
   122 | D        | Noticed a fleshlord
   123 | D        | Killed a fleshlord
   123 | D        | Noticed an accursed
   123 | D        | Noticed a fleshlord
   123 | D        | Noticed a large bag of meat
   124 | D        | Noticed a fleshlord
   124 | D        | Killed a large bag of meat
   124 | D        | Killed a fleshlord
   124 | D        | Killed a fleshlord
   125 | D        | Noticed a fleshlord
   125 | D        | Killed an accursed
   125 | D        | Killed a fleshlord
   128 | D        | Noticed a fleshlord
   129 | D        | Killed a fleshlord
   129 | D        | Noticed a meat beast
   130 | D        | Noticed a meat beast
   130 | D        | Killed a meat beast
   130 | D        | Killed a meat beast
   130 | D        | Noticed a fleshlord
   131 | D        | Killed a fleshlord
   134 | D        | Noticed a meat beast
   135 | D        | Noticed a fleshlord
   135 | D        | Killed a fleshlord
   135 | D        | Killed a meat beast
   135 | D        | Noticed a tyrant
   136 | D        | Killed a tyrant
   137 | D        | Noticed a destroyer
   137 | D        | Killed a destroyer
   137 | D        | Noticed a dread
   138 | D        | Killed a dread
   140 | D        | Noticed a dread
   140 | D        | Noticed The Meatlord
   140 | D        | Noticed a destroyer
   141 | D        | Killed a dread
   141 | D        | Killed The Meatlord
   141 | D        | Killed a destroyer
   142 | D        | Got the Orb of Zot
   143 | D        | Noticed a meat beast
   144 | D        | Noticed a destroyer
   144 | D        | Noticed a destroyer
   145 | D        | Killed a meat beast
   145 | D        | Killed a destroyer
   145 | D        | Noticed a fleshlord
   146 | D        | Killed a fleshlord
   146 | D        | Killed a destroyer
   148 | D        | Noticed a meat beast
   148 | D        | Noticed an accursed
   150 | D        | Noticed a meat beast
   150 | D        | Killed a meat beast
   150 | D        | Killed a meat beast
   150 | D        | Killed an accursed
   151 | D        | Noticed a meat beast
   152 | D        | Killed a meat beast
   152 | D        | Noticed a destroyer
   153 | D        | Killed a destroyer
   155 | D        | Noticed a destroyer
   156 | D        | Killed a destroyer
   158 | D        | Noticed a dread
   159 | D        | Noticed a large bag of meat
   159 | D        | Noticed a meat beast
   160 | D        | Noticed a fleshlord
   160 | D        | Noticed a destroyer
   160 | D        | Noticed a fleshlord
   160 | D        | Noticed an accursed
   160 | D        | Noticed a dread
   160 | D        | Noticed a meat beast
   161 | D        | Killed a fleshlord
   161 | D        | Killed a dread
   161 | D        | Killed a meat beast
   161 | D        | Noticed a dread
   161 | D        | Noticed an accursed
   162 | D        | Killed a dread
   162 | D        | Noticed a meat beast
   163 | D        | Killed a dread
   165 | D        | Killed a meat beast
   166 | D        | Killed a fleshlord
   166 | D        | Killed a destroyer
   166 | D        | Noticed a dread
   167 | D        | Killed an accursed
   167 | D        | Killed a dread
   168 | D        | Noticed a dread
   168 | D        | Killed a dread
   168 | D        | Killed a large bag of meat
   170 | D        | Noticed a fleshlord
   170 | D        | Killed a fleshlord
   171 | D        | Noticed a fleshlord
   171 | D        | Noticed a fleshlord
   172 | D        | Killed a fleshlord
   173 | D        | Killed a fleshlord
   174 | D        | Noticed a dread
   174 | D        | Noticed a fleshlord
   174 | D        | Noticed a destroyer
   175 | D        | Noticed a fleshlord
   175 | D        | Noticed a meat beast
   176 | D        | Noticed a fleshlord
   177 | D        | Escaped with the Orb!

Illustrated notes

Levels and vault maps discovered:
D:        meatsprint

Skill      XL: |  1  2  3  4  5  6  7  8  9 10 11 12 13 14 15 16 17 18 19 20 21 22 23 24 25 26 27 |
---------------+----------------------------------------------------------------------------------+-----
Fighting       | 16 18 21 22 26 27 | 27.0
Axes           | 14 17 21 22 27 | 27.0
Spellcasting   | 13 14 17 18 21 25 27 | 27.0
Dodging        | 22 27 | 27.0
Invocations    | 21 27 | 27.0
Stealth        | 20 27 | 27.0
Armour         | 25 27 | 27.0
Evocations     | 27 | 27.0
Short Blades   | 6 11 15 17 27 | 27.0
Long Blades    | 6 11 15 17 27 | 27.0
Maces & Flails | 6 10 14 16 27 | 27.0
Polearms       | 6 10 14 16 27 | 27.0
Staves         | 6 11 15 17 27 | 27.0
Slings         | 6 10 14 16 27 | 27.0
Bows           | 6 10 14 16 27 | 27.0
Crossbows      | 6 10 14 16 27 | 27.0
Throwing       | 6 10 14 16 27 | 27.0
Shields        | 7 12 16 19 27 | 27.0
Unarmed Combat | 7 12 16 19 27 | 27.0

Action                   |  1- 3 |  4- 6 |  7- 9 | 10-12 | 13-15 | 16-18 | 19-21 | 22-24 | 25-27 || total
-------------------------+-------+-------+-------+-------+-------+-------+-------+-------+-------++-------
Melee: Executioner's axe |     1 |       |       |     1 |     4 |     9 |     8 |    10 |   225 ||   258
 Cast: Magic Dart        |     3 |       |       |       |       |       |       |       |       ||     3
       Manifold Assault  |       |       |       |       |     1 |     4 |     2 |     3 |    92 ||   102
  Use: Scroll            |       |       |       |       |       |       |       |       |     1 ||     1
       Potion            |       |       |       |       |       |       |       |       |     1 ||     1
Dodge: Dodged            |       |       |       |       |       |       |       |       |     1 ||     1
